Panthers vs Kings

Created - Thursday, November 12, 2015 at 12:56

Goals
1 2 3 T
Panthers 1 0 1 2
Kings 3 0 0 3
Shots
1 2 3 T
Panthers 9 8 12 29
Kings 13 6 1 20

1st period

1. Kings , Nick Bjugstad 11 (Duncan Keith, Braydon Coburn) at 1:12 (SH)
2. Kings , Milan Lucic 6 (Mika Zibanejad, Seth Jones) at 3:14 (SH)
3. Panthers , Jakob Silfverberg 4 (Charlie Coyle, Brad Boyes) at 3:38 (PP)
4. Kings , Duncan Keith 5 (Tyler Seguin) at 5:16 (SH)

Penalties :
Carl Soderberg (LA ) for Roughing (Minor) at 0:18, David Clarkson (LA ) for High sticking (Minor) at 2:57, David Clarkson (LA ) for High sticking (Minor) at 3:51, Nick Bjugstad (LA ) for Interference (Minor) at 5:08, Simon Despres (Fla) for Tripping (Minor) at 6:38, Vincent Trocheck (LA ) for Hooking (Minor) at 13:55, Seth Jones (LA ) for Tripping (Minor) at 18:39

2nd period

No Goal

Penalties :
Alexander Semin (Fla) for Tripping (Minor) at 2:49, Brandon McMillan (LA ) for Cross-checking (Minor) at 5:33, Brenden Morrow (LA ) for Hooking (Minor) at 6:55, Brenden Morrow (LA ) for Holding (Minor) at 9:07, Adam McQuaid (LA ) for Slashing (Minor) at 15:39, Adam McQuaid (LA ) for Hooking (Minor) at 19:34

3rd period

5. Panthers , Charlie Coyle 3 (Robert Bortuzzo) at 4:57 (PP)

Penalties :
Robert Bortuzzo (Fla) for Hooking (Minor) at 0:42, Eric Brewer (LA ) for Tripping (Minor) at 1:14, Brenden Morrow (LA ) for Interference (Minor) at 4:48, Braydon Coburn (LA ) for Hooking (Minor) at 8:30, Jori Lehtera (LA ) for Tripping (Minor) at 13:32

Goalie Stats

Kevin Poulin (Fla), 17 saves from 20 shots - (0.850), L, 2-10-0, 59:09 minutes
Sergei Bobrovsky (LA ), 27 saves from 29 shots - (0.931), W, 9-4-1, 60:00 minutes

Players Stats for Panthers

Player Name              G  A  P  +/- PIM S  H  SB GA TA FO     MP     PP MP  PK MP  
------------------------------------------------------------------------------------
Alex Galchenyuk          0  0  0  -2  0   3  0  0  0  0  2/4    24:11  10:48   2:28 
Alexander Semin          0  0  0  -2  2   1  4  2  5  1  4/16   20:11  11:28   0:00 
Brad Boyes               0  1  1  -1  0   2  5  0  2  1  0/2    19:13  10:17   0:00 
Calle Jarnkrok           0  0  0   0  0   1  0  0  0  0  1/1     4:45   0:00   0:00 
Calvin de Haan           0  0  0   0  0   0  0  0  0  0  0/0     0:00   0:00   0:00 
Carlo Colaiacovo         0  0  0   0  0   1  0  0  0  2  0/0    15:06   0:23   0:00 
Charlie Coyle            1  1  2  -1  0   3  1  0  3  0  6/11   20:14  10:16   0:33 
Jack Hillen              0  0  0   0  0   2  0  0  0  0  0/0    14:21   0:00   0:00 
Jakob Silfverberg        1  0  1  -1  0   2  1  1  4  1  2/3    21:25  10:27   2:33 
Kevin Hayes              0  0  0   0  0   1  1  0  2  0  0/2    12:28   1:57   0:00 
Lubomir Visnovsky        0  0  0  -1  0   1  0  0  0  0  0/0    21:41   9:20   3:07 
Nino Niederreiter        0  0  0  -2  0   3  0  1  5  0  0/3    22:14  11:13   0:33 
Paul Byron               0  0  0   0  0   0  1  0  1  0  2/4    11:51   0:08   0:51 
Robert Bortuzzo          0  1  1  -2  2   3  6  1  1  1  0/0    21:22  13:13   1:33 
Ron Hainsey              0  0  0  -2  0   1  3  0  0  0  0/0    26:54  13:11   1:56 
Ryan Johansen            0  0  0   0  0   5  2  1  2  0  6/10    8:19   0:00   0:00 
Sean Bergenheim          0  0  0   0  0   0  2  0  0  0  0/0     8:09   0:51   0:00 
Simon Despres            0  0  0  -1  2   0  1  0  0  1  0/0    21:36   9:01   0:22 

Players Stats for Kings

Player Name              G  A  P  +/- PIM S  H  SB GA TA FO     MP     PP MP  PK MP  
------------------------------------------------------------------------------------
Adam McQuaid             0  0  0   0  4   1  3  0  0  1  0/0    12:20   0:00   0:14 
Brandon McMillan         0  0  0   1  2   1  3  0  0  1  2/3    19:04   0:00  12:03 
Braydon Coburn           0  1  1   1  2   1  1  0  0  3  0/0    25:58   1:09  11:27 
Brenden Morrow           0  0  0   0  6   1  1  0  0  0  0/0     5:28   0:00   0:24 
Carl Soderberg           0  0  0   0  2   0  0  0  1  0  0/0    10:47   1:38   0:00 
David Clarkson           0  0  0   0  4   1  2  0  0  0  1/1    12:52   1:32   2:31 
Duncan Keith             1  1  2   1  0   3  0  2  1  2  0/0    25:29   1:09  12:04 
Eric Brewer              0  0  0   2  2   0  1  1  0  2  0/0    23:23   2:20  10:32 
Evgeny Kuznetsov         0  0  0   0  0   0  1  0  3  0  0/0     9:44   0:19   0:23 
Jori Lehtera             0  0  0   0  2   0  0  0  0  0  4/7     8:49   0:00   0:00 
Mika Zibanejad           0  1  1   1  0   1  2  0  1  0  5/8    19:04   1:38   7:04 
Mikhail Grigorenko       0  0  0   0  0   1  0  0  0  0  0/0     4:53   0:00   0:00 
Milan Lucic              1  0  1   1  0   2  1  0  1  0  0/0    15:57   1:32   7:04 
Nick Bjugstad            1  0  1   1  2   3  0  1  1  1  14/21  23:23   1:51  12:21 
Seth Jones               0  1  1   2  2   0  0  2  0  1  0/0    24:38   2:20  10:46 
Stefan Elliott           0  0  0   0  0   1  0  0  0  1  0/0    10:57   0:00   0:37 
Tyler Seguin             0  1  1   1  0   4  1  2  1  0  7/16   14:52   1:57   2:10 
Vincent Trocheck         0  0  0   0  2   0  1  0  1  0  0/0     5:30   0:00   0:00 

3 Stars

1 - Duncan Keith (LA )
2 - Charlie Coyle (Fla)
3 - Milan Lucic (LA )

Power Play

Panthers - 2 on 15 Attempt(s) - 13.33%
Kings - 0 on 3 Attempt(s) - 0.00%

Penalty Kill

Panthers - 3 on 3 Attempt(s) - 100.00% - Score 0 goal in Penalty Kill
Kings - 13 on 15 Attempt(s) - 86.67% - Score 3 goal in Penalty Kill

Team Stat

Panthers - Hits : 27 - Faceoff Wins : 23 - Blocked Shots : 6 - Penalty Minutes : 6
Kings - Hits : 17 - Faceoff Wins : 33 - Blocked Shots : 8 - Penalty Minutes : 30

Official

Referees : Unknown
Linesman : Unknown

Game Notes

No Game Note

Finance

Level 1 -- Attendance: 5924 (98.73%) -- Ticket Income $503,540
Level 2 -- Attendance: 4774 (95.48%) -- Ticket Income $248,248
Level 3 -- Attendance: 1835 (91.75%) -- Ticket Income $56,885
Level 4 -- Attendance: 3846 (96.15%) -- Ticket Income $65,382
Luxury Box -- Attendance: 993 (99.30%) -- Ticket Income $173,775
Game was played at the Staples Center.
Total Attendance: 17372 (96.51%)
Total Ticket Income: $1,047,830
Other Income: $513,437
Total Income: $1,561,267

Panthers

5 vs 5 Forward 
   Center                   Left Wing                Right Wing               Time % Phy DF OF 
 1 Ryan Johansen            Alex Galchenyuk          Nino Niederreiter        35     1   2  2  
 2 Charlie Coyle            Jakob Silfverberg        Brad Boyes               30     1   2  2  
 3 Kevin Hayes              Paul Byron               Alexander Semin          22     1   2  2  
 4 Calle Jarnkrok           Sean Bergenheim          Alex Galchenyuk          13     1   2  2  

5 vs 5 Defense 
   Defense                  Defense                                           Time % Phy DF OF 
 1 Simon Despres            Ron Hainsey                                       35     1   2  2  
 2 Carlo Colaiacovo         Jack Hillen                                       30     1   2  2  
 3 Lubomir Visnovsky        Robert Bortuzzo                                   22     1   2  2  
 4 Simon Despres            Ron Hainsey                                       13     1   2  2  

PowerPlay Forward 
   Center                   Left Wing                Right Wing               Time % Phy DF OF 
 1 Alexander Semin          Alex Galchenyuk          Nino Niederreiter        60     1   2  2  
 2 Charlie Coyle            Jakob Silfverberg        Brad Boyes               40     1   2  2  

PowerPlay Defense
   Defense                  Defense                                           Time % Phy DF OF 
 1 Robert Bortuzzo          Ron Hainsey                                       60     1   2  2  
 2 Simon Despres            Lubomir Visnovsky                                 40     1   2  2  

Penalty Kill 4 Players Forward 
   Center                   Wing                     Time % Phy DF OF 
 1 Jakob Silfverberg        Alex Galchenyuk          60     1   2  2  
 2 Nino Niederreiter        Charlie Coyle            40     1   2  2  

Penalty Kill 4 Players Defense
   Defense                  Defense                  Time % Phy DF OF 
 1 Lubomir Visnovsky        Ron Hainsey              60     1   2  2  
 2 Simon Despres            Robert Bortuzzo          40     1   2  2  

Penalty Kill - 3 Players Forward 
   Forward                                           Time % Phy DF OF 
 1 Nino Niederreiter                                 60     1   2  2  
 2 Alex Galchenyuk                                   40     1   2  2  

Penalty Kill - 3 Players Defense
   Defense                  Defense                  Time % Phy DF OF 
 1 Lubomir Visnovsky        Ron Hainsey              60     1   2  2  
 2 Simon Despres            Robert Bortuzzo          40     1   2  2  

4 vs 4 Forward 
   Center                   Wing                     Time % Phy DF OF 
 1 Paul Byron               Alex Galchenyuk          60     1   2  2  
 2 Nino Niederreiter        Charlie Coyle            40     1   2  2  

4 vs 4 Defense
   Defense                  Defense                  Time % Phy DF OF 
 1 Robert Bortuzzo          Ron Hainsey              60     1   2  2  
 2 Simon Despres            Lubomir Visnovsky        40     1   2  2  

Last Minutes Offensive
   Center                   Left Wing                Right Wing               Defense                  Defense                  
   Ryan Johansen            Alex Galchenyuk          Nino Niederreiter        Simon Despres            Ron Hainsey              

Last Minutes Defensive
   Center                   Left Wing                Right Wing               Defense                  Defense                  
   Ryan Johansen            Alex Galchenyuk          Nino Niederreiter        Simon Despres            Ron Hainsey              

Goaltenders
Starting : Kevin Poulin             
Backup : Robin Lehner             

Extra Forwards
Normal : Alexander Semin, Kevin Hayes, Paul Byron - PP : Alexander Semin, Kevin Hayes - PK : Paul Byron
Extra Defensemen
Normal : Lubomir Visnovsky, Robert Bortuzzo, Ron Hainsey - PP : Lubomir Visnovsky - PK : Robert Bortuzzo, Ron Hainsey
Penalty Shots
Kevin Hayes, Alex Galchenyuk, Nino Niederreiter, Charlie Coyle, Jakob Silfverberg

Kings

5 vs 5 Forward 
   Center                   Left Wing                Right Wing               Time % Phy DF OF 
 1 Tyler Seguin             Mika Zibanejad           Carl Soderberg           35     1   2  2  
 2 Nick Bjugstad            Milan Lucic              Vincent Trocheck         30     1   2  2  
 3 Jori Lehtera             Evgeny Kuznetsov         David Clarkson           22     1   2  2  
 4 Brandon McMillan         Mikhail Grigorenko       Brenden Morrow           13     1   2  2  

5 vs 5 Defense 
   Defense                  Defense                                           Time % Phy DF OF 
 1 Duncan Keith             Braydon Coburn                                    35     1   2  2  
 2 Seth Jones               Eric Brewer                                       30     1   2  2  
 3 Adam McQuaid             Stefan Elliott                                    22     1   2  2  
 4 Duncan Keith             Braydon Coburn                                    13     1   2  2  

PowerPlay Forward 
   Center                   Left Wing                Right Wing               Time % Phy DF OF 
 1 Tyler Seguin             Mika Zibanejad           Carl Soderberg           60     1   2  2  
 2 Nick Bjugstad            Milan Lucic              David Clarkson           40     1   2  2  

PowerPlay Defense
   Defense                  Defense                                           Time % Phy DF OF 
 1 Duncan Keith             Braydon Coburn                                    60     1   2  2  
 2 Seth Jones               Eric Brewer                                       40     1   2  2  

Penalty Kill 4 Players Forward 
   Center                   Wing                     Time % Phy DF OF 
 1 Nick Bjugstad            Brandon McMillan         60     1   2  2  
 2 Mika Zibanejad           Milan Lucic              40     1   2  2  

Penalty Kill 4 Players Defense
   Defense                  Defense                  Time % Phy DF OF 
 1 Duncan Keith             Braydon Coburn           60     1   2  2  
 2 Seth Jones               Eric Brewer              40     1   2  2  

Penalty Kill - 3 Players Forward 
   Forward                                           Time % Phy DF OF 
 1 Tyler Seguin                                      60     1   2  2  
 2 Nick Bjugstad                                     40     1   2  2  

Penalty Kill - 3 Players Defense
   Defense                  Defense                  Time % Phy DF OF 
 1 Duncan Keith             Braydon Coburn           60     1   2  2  
 2 Seth Jones               Eric Brewer              40     1   2  2  

4 vs 4 Forward 
   Center                   Wing                     Time % Phy DF OF 
 1 Tyler Seguin             Nick Bjugstad            60     1   2  2  
 2 Mika Zibanejad           Milan Lucic              40     1   2  2  

4 vs 4 Defense
   Defense                  Defense                  Time % Phy DF OF 
 1 Duncan Keith             Braydon Coburn           60     1   2  2  
 2 Seth Jones               Eric Brewer              40     1   2  2  

Last Minutes Offensive
   Center                   Left Wing                Right Wing               Defense                  Defense                  
   Tyler Seguin             Mika Zibanejad           Carl Soderberg           Duncan Keith             Braydon Coburn           

Last Minutes Defensive
   Center                   Left Wing                Right Wing               Defense                  Defense                  
   Tyler Seguin             Mika Zibanejad           Carl Soderberg           Duncan Keith             Braydon Coburn           

Goaltenders
Starting : Sergei Bobrovsky         
Backup : Reto Berra               

Extra Forwards
Normal : Tyler Seguin, Evgeny Kuznetsov, David Clarkson - PP : Mika Zibanejad, Evgeny Kuznetsov - PK : David Clarkson
Extra Defensemen
Normal : Adam McQuaid, Stefan Elliott, Seth Jones - PP : Adam McQuaid - PK : Stefan Elliott, Seth Jones
Penalty Shots
Tyler Seguin, Nick Bjugstad, Mika Zibanejad, Milan Lucic, Carl Soderberg

% Time on Ice - Panthers

Lines # - Real PCT - Wanted PCT - Time Play
Normal Forward
1 - 31% - 35% - 9:31
2 - 31% - 30% - 9:25
3 - 23% - 22% - 6:54
4 - 16% - 13% - 4:45
Normal Defense
1 - 29% - 35% - 8:51
2 - 55% - 30% - 16:51
3 - 16% - 22% - 4:53
4 - 0% - 13% - 0:00
PP Forward
1 - 53% - 60% - 11:52
2 - 47% - 40% - 10:39
PP Defense
1 - 59% - 60% - 13:11
2 - 41% - 40% - 9:20
PK Forward
1 - 84% - 60% - 2:56
2 - 16% - 40% - 0:33
PK Defense
1 - 56% - 60% - 1:56
2 - 44% - 40% - 1:33
PK3 Forward
1 - 0% - 60%
2 - 0% - 40%
PK3 Defense
1 - 0% - 60%
2 - 0% - 40%
44 Forward
1 - 100% - 60% - 2:28
2 - 0% - 40% - 0:00
44 Defense
1 - 80% - 60% - 1:59
2 - 20% - 40% - 0:29
Last Minute Offensive  - 0:57
Last Minute Defensive  - 0:00
Total
Forward - 60:00
Defense - 60:00

% Time on Ice - Kings

Lines # - Real PCT - Wanted PCT - Time Play
Normal Forward
1 - 34% - 35% - 10:45
2 - 23% - 30% - 7:21
3 - 27% - 22% - 8:33
4 - 15% - 13% - 4:53
Normal Defense
1 - 37% - 35% - 11:34
2 - 31% - 30% - 9:38
3 - 33% - 22% - 10:20
4 - 0% - 13% - 0:00
PP Forward
1 - 56% - 60% - 1:57
2 - 44% - 40% - 1:32
PP Defense
1 - 33% - 60% - 1:09
2 - 67% - 40% - 2:20
PK Forward
1 - 67% - 60% - 14:08
2 - 33% - 40% - 7:04
PK Defense
1 - 52% - 60% - 11:03
2 - 48% - 40% - 10:09
PK3 Forward
1 - 100% - 60% - 1:38
2 - 0% - 40% - 0:00
PK3 Defense
1 - 62% - 60% - 1:01
2 - 38% - 40% - 0:37
44 Forward
1 - 100% - 60% - 2:09
2 - 0% - 40% - 0:00
44 Defense
1 - 33% - 60% - 0:42
2 - 67% - 40% - 1:27
Last Minute Offensive  - 0:00
Last Minute Defensive  - 0:00
Total
Forward - 60:00
Defense - 60:00

Play by Play

1st period


0:01 of 1st period - Tyler Seguin wins face-off versus Ryan Johansen in neutral zone.
0:03 of 1st period - Off-side.
0:04 of 1st period - Ryan Johansen wins face-off versus Tyler Seguin in neutral zone.
0:18 of 1st period - Minor Penalty to Carl Soderberg for Roughing.
0:19 of 1st period - Alexander Semin wins face-off versus Nick Bjugstad in Kings zone.
0:40 of 1st period - Slapshot by Ron Hainsey.
0:40 of 1st period - Shot Misses the Net.
0:42 of 1st period - Wrist shot by Alex Galchenyuk.
0:42 of 1st period - Shot Misses the Net.
1:12 of 1st period - Snap shot by Nick Bjugstad.
1:12 of 1st period - Goal by Nick Bjugstad - Panthers : 0 - Kings : 1.
1:13 of 1st period - Charlie Coyle wins face-off versus Mika Zibanejad in neutral zone.
1:16 of 1st period - Snap shot by Jakob Silfverberg.
1:16 of 1st period - Shot Misses the Net.
1:22 of 1st period - Snap shot by Brad Boyes.
1:22 of 1st period - Stopped by Sergei Bobrovsky without a rebound.
1:23 of 1st period - Mika Zibanejad wins face-off versus Jakob Silfverberg in Kings zone.
1:28 of 1st period - Simon Despres is hit by Milan Lucic and loses puck.
1:35 of 1st period - Wrist shot by Charlie Coyle.
1:35 of 1st period - Shot Misses the Net.
1:37 of 1st period - Snap shot by Brad Boyes.
1:37 of 1st period - Shot Blocked by Eric Brewer.
1:39 of 1st period - Wrist shot by Charlie Coyle.
1:39 of 1st period - Stopped by Sergei Bobrovsky with a rebound.
1:41 of 1st period - Snap shot by Brad Boyes.
1:41 of 1st period - Stopped by Sergei Bobrovsky without a rebound.
1:42 of 1st period - Alexander Semin wins face-off versus Brandon McMillan in Kings zone.
1:47 of 1st period - Snap shot by Alexander Semin.
1:47 of 1st period - Shot Misses the Net.
1:49 of 1st period - Slapshot by Robert Bortuzzo.
1:49 of 1st period - Stopped by Sergei Bobrovsky with a rebound.
1:51 of 1st period - Slapshot by Ron Hainsey.
1:51 of 1st period - Shot Misses the Net.
2:18 of 1st period - Penalty to Carl Soderberg is over, Carl Soderberg is back on ice.
2:36 of 1st period - Nick Bjugstad is hit by Brad Boyes and loses puck.
2:47 of 1st period - Brad Boyes is hit by Brandon McMillan and loses puck.
2:57 of 1st period - Minor Penalty to David Clarkson for High sticking.
2:58 of 1st period - Mika Zibanejad wins face-off versus Alexander Semin in Kings zone.
3:14 of 1st period - Wrist shot by Milan Lucic.
3:14 of 1st period - Goal by Milan Lucic - Panthers : 0 - Kings : 2.
3:15 of 1st period - Nick Bjugstad wins face-off versus Charlie Coyle in neutral zone.
3:18 of 1st period - Backhand shot by Nick Bjugstad.
3:18 of 1st period - Stopped by Kevin Poulin with a rebound.
3:34 of 1st period - Snap shot by Charlie Coyle.
3:34 of 1st period - Shot Blocked by Nick Bjugstad.
3:38 of 1st period - Snap shot by Jakob Silfverberg.
3:38 of 1st period - Goal by Jakob Silfverberg - Panthers : 1 - Kings : 2.
3:39 of 1st period - Jori Lehtera wins face-off versus Ryan Johansen in neutral zone.
3:51 of 1st period - Minor Penalty to David Clarkson for High sticking.
3:52 of 1st period - Nick Bjugstad wins face-off versus Alex Galchenyuk in Kings zone.
4:29 of 1st period - Snap shot by Nino Niederreiter.
4:29 of 1st period - Deflect By Alexander Semin.
4:29 of 1st period - Shot Blocked by Duncan Keith.
4:29 of 1st period - Puck is out of play.
4:30 of 1st period - Charlie Coyle wins face-off versus Mika Zibanejad in Kings zone.
5:08 of 1st period - Minor Penalty to Nick Bjugstad for Interference.
5:09 of 1st period - Tyler Seguin wins face-off versus Alexander Semin in Kings zone.
5:14 of 1st period - Icing by Robert Bortuzzo.
5:15 of 1st period - Tyler Seguin wins face-off versus Alexander Semin in Panthers zone.
5:16 of 1st period - Slapshot by Duncan Keith.
5:16 of 1st period - Deflect By Nino Niederreiter.
5:16 of 1st period - Goal by Duncan Keith - Panthers : 1 - Kings : 3.
5:17 of 1st period - Alexander Semin wins face-off versus Tyler Seguin in neutral zone.
5:51 of 1st period - Penalty to David Clarkson is over, David Clarkson is back on ice.
6:16 of 1st period - Backhand shot by Mika Zibanejad.
6:16 of 1st period - Shot Misses the Net.
6:34 of 1st period - Snap shot by Mika Zibanejad.
6:34 of 1st period - Stopped by Kevin Poulin without a rebound.
6:35 of 1st period - David Clarkson wins face-off versus Alexander Semin in Panthers zone.
6:36 of 1st period - Slapshot by Duncan Keith.
6:36 of 1st period - Shot Misses the Net.
6:38 of 1st period - Minor Penalty to Simon Despres for Tripping.
6:39 of 1st period - Alex Galchenyuk wins face-off versus Tyler Seguin in Panthers zone.
6:44 of 1st period - Slapshot by Lubomir Visnovsky.
6:44 of 1st period - Shot Misses the Net.
6:46 of 1st period - Slapshot by Robert Bortuzzo.
6:46 of 1st period - Shot Misses the Net.
6:48 of 1st period - Wrist shot by Robert Bortuzzo.
6:48 of 1st period - Stopped by Sergei Bobrovsky with a rebound.
6:50 of 1st period - Slapshot by Lubomir Visnovsky.
6:50 of 1st period - Stopped by Sergei Bobrovsky with a rebound.
6:52 of 1st period - Slapshot by Robert Bortuzzo.
6:52 of 1st period - Shot Blocked by Tyler Seguin.
7:08 of 1st period - Penalty to Nick Bjugstad is over, Nick Bjugstad is back on ice.
8:38 of 1st period - Penalty to Simon Despres is over, Simon Despres is back on ice.
9:16 of 1st period - Snap shot by Mikhail Grigorenko.
9:16 of 1st period - Stopped by Kevin Poulin with a rebound.
9:18 of 1st period - Slapshot by Adam McQuaid.
9:18 of 1st period - Shot Misses the Net.
9:20 of 1st period - Snap shot by Brenden Morrow.
9:20 of 1st period - Stopped by Kevin Poulin with a rebound.
9:22 of 1st period - Snap shot by Stefan Elliott.
9:22 of 1st period - Stopped by Kevin Poulin with a rebound.
9:44 of 1st period - Snap shot by Tyler Seguin.
9:44 of 1st period - Shot Misses the Net.
9:46 of 1st period - Slapshot by Adam McQuaid.
9:46 of 1st period - Deflect By Simon Despres.
9:46 of 1st period - Stopped by Kevin Poulin with a rebound.
9:48 of 1st period - Wrist shot by Eric Brewer.
9:48 of 1st period - Shot Misses the Net.
10:16 of 1st period - Slapshot by Seth Jones.
10:16 of 1st period - Shot Misses the Net.
10:18 of 1st period - Slapshot by Eric Brewer.
10:18 of 1st period - Deflect By David Clarkson.
10:18 of 1st period - Stopped by Kevin Poulin with a rebound.
11:31 of 1st period - Snap shot by Brandon McMillan.
11:31 of 1st period - Stopped by Kevin Poulin with a rebound.
13:11 of 1st period - Brandon McMillan is hit by Sean Bergenheim and loses puck.
13:35 of 1st period - Ron Hainsey is hit by Braydon Coburn and loses puck.
13:55 of 1st period - Minor Penalty to Vincent Trocheck for Hooking.
13:56 of 1st period - Nick Bjugstad wins face-off versus Charlie Coyle in Kings zone.
14:41 of 1st period - Slapshot by Alexander Semin.
14:41 of 1st period - Shot Misses the Net.
15:47 of 1st period - Snap shot by Charlie Coyle.
15:47 of 1st period - Shot Misses the Net.
15:55 of 1st period - Penalty to Vincent Trocheck is over, Vincent Trocheck is back on ice.
17:21 of 1st period - Carlo Colaiacovo is hit by Brandon McMillan and loses puck.
17:46 of 1st period - Duncan Keith is hit by Jakob Silfverberg and loses puck.
17:53 of 1st period - Slapshot by Braydon Coburn.
17:53 of 1st period - Stopped by Kevin Poulin with a rebound.
17:55 of 1st period - Slapshot by Duncan Keith.
17:55 of 1st period - Shot Blocked by Jakob Silfverberg.
18:39 of 1st period - Minor Penalty to Seth Jones for Tripping.
18:40 of 1st period - Alexander Semin wins face-off versus Nick Bjugstad in Kings zone.
18:41 of 1st period - Wrist shot by Alex Galchenyuk.
18:41 of 1st period - Shot Misses the Net.
18:43 of 1st period - Slapshot by Ron Hainsey.
18:43 of 1st period - Stopped by Sergei Bobrovsky without a rebound.
18:44 of 1st period - Nick Bjugstad wins face-off versus Alexander Semin in Kings zone.
18:53 of 1st period - Snap shot by Nick Bjugstad.
18:53 of 1st period - Stopped by Kevin Poulin without a rebound.
18:54 of 1st period - Nick Bjugstad wins face-off versus Alexander Semin in Panthers zone.
19:01 of 1st period - Snap shot by Nick Bjugstad.
19:01 of 1st period - Shot Misses the Net.
19:13 of 1st period - Brandon McMillan is hit by Ron Hainsey and loses puck.
19:20 of 1st period - Snap shot by Alex Galchenyuk.
19:20 of 1st period - Stopped by Sergei Bobrovsky without a rebound.
19:21 of 1st period - Brandon McMillan wins face-off versus Alexander Semin in Kings zone.
19:58 of 1st period - Lubomir Visnovsky is hit by Brandon McMillan and loses puck.
Goals for this period are 1 for Panthers vs 3 for Kings.
Shots for this period are 9 for Panthers vs 13 for Kings.

2nd period


0:01 of 2nd period - Nick Bjugstad wins face-off versus Alexander Semin in neutral zone.
0:26 of 2nd period - Wrist shot by Nino Niederreiter.
0:26 of 2nd period - Stopped by Sergei Bobrovsky without a rebound.
0:27 of 2nd period - Nick Bjugstad wins face-off versus Brad Boyes in Kings zone.
0:39 of 2nd period - Penalty to Seth Jones is over, Seth Jones is back on ice.
1:17 of 2nd period - Wrist shot by Tyler Seguin.
1:17 of 2nd period - Stopped by Kevin Poulin without a rebound.
1:18 of 2nd period - Tyler Seguin wins face-off versus Ryan Johansen in Panthers zone.
2:05 of 2nd period - Icing by Carlo Colaiacovo.
2:06 of 2nd period - Ryan Johansen wins face-off versus Jori Lehtera in Panthers zone.
2:49 of 2nd period - Minor Penalty to Alexander Semin for Tripping.
2:50 of 2nd period - Tyler Seguin wins face-off versus Alex Galchenyuk in Panthers zone.
3:19 of 2nd period - Snap shot by Tyler Seguin.
3:19 of 2nd period - Stopped by Kevin Poulin without a rebound.
3:20 of 2nd period - Jakob Silfverberg wins face-off versus Nick Bjugstad in Panthers zone.
3:29 of 2nd period - Slapshot by Seth Jones.
3:29 of 2nd period - Deflect By David Clarkson.
3:29 of 2nd period - Shot Misses the Net.
3:29 of 2nd period - Puck is out of play.
3:30 of 2nd period - Jakob Silfverberg wins face-off versus Nick Bjugstad in Panthers zone.
4:03 of 2nd period - Wrist shot by Milan Lucic.
4:03 of 2nd period - Stopped by Kevin Poulin with a rebound.
4:41 of 2nd period - Wrist shot by Jakob Silfverberg.
4:41 of 2nd period - Shot Blocked by Tyler Seguin.
4:49 of 2nd period - Penalty to Alexander Semin is over, Alexander Semin is back on ice.
5:03 of 2nd period - Snap shot by Kevin Hayes.
5:03 of 2nd period - Stopped by Sergei Bobrovsky without a rebound.
5:04 of 2nd period - Brandon McMillan wins face-off versus Kevin Hayes in Kings zone.
5:33 of 2nd period - Minor Penalty to Brandon McMillan for Cross-checking.
5:34 of 2nd period - Nick Bjugstad wins face-off versus Nino Niederreiter in Kings zone.
6:16 of 2nd period - Duncan Keith is hit by Robert Bortuzzo and loses puck.
6:55 of 2nd period - Minor Penalty to Brenden Morrow for Hooking.
6:56 of 2nd period - Tyler Seguin wins face-off versus Charlie Coyle in Kings zone.
6:56 of 2nd period - Tyler Seguin is hit by Ron Hainsey.
7:02 of 2nd period - Seth Jones is hit by Robert Bortuzzo and loses puck.
7:33 of 2nd period - Penalty to Brandon McMillan is over, Brandon McMillan is back on ice.
7:44 of 2nd period - Milan Lucic is hit by Robert Bortuzzo and loses puck.
8:55 of 2nd period - Penalty to Brenden Morrow is over, Brenden Morrow is back on ice.
9:07 of 2nd period - Minor Penalty to Brenden Morrow for Holding.
9:08 of 2nd period - Nick Bjugstad wins face-off versus Alexander Semin in Kings zone.
11:07 of 2nd period - Penalty to Brenden Morrow is over, Brenden Morrow is back on ice.
11:13 of 2nd period - Tyler Seguin is hit by Alexander Semin and loses puck.
12:46 of 2nd period - Duncan Keith is hit by Simon Despres and loses puck.
13:03 of 2nd period - Brandon McMillan is hit by Sean Bergenheim and loses puck.
13:16 of 2nd period - Adam McQuaid is hit by Robert Bortuzzo and loses puck.
13:27 of 2nd period - Kevin Hayes is hit by Adam McQuaid and loses puck.
13:36 of 2nd period - Alexander Semin is hit by Brenden Morrow and loses puck.
13:54 of 2nd period - Snap shot by Nino Niederreiter.
13:54 of 2nd period - Stopped by Sergei Bobrovsky without a rebound.
13:55 of 2nd period - Ryan Johansen wins face-off versus Jori Lehtera in Kings zone.
14:00 of 2nd period - Snap shot by Nino Niederreiter.
14:00 of 2nd period - Shot Misses the Net.
14:35 of 2nd period - Jakob Silfverberg is hit by Vincent Trocheck and loses puck.
14:57 of 2nd period - Carlo Colaiacovo is hit by Tyler Seguin and loses puck.
15:14 of 2nd period - Slapshot by Tyler Seguin.
15:14 of 2nd period - Stopped by Kevin Poulin without a rebound.
15:15 of 2nd period - Ryan Johansen wins face-off versus Tyler Seguin in Panthers zone.
15:15 of 2nd period - Ryan Johansen is hit by Adam McQuaid.
15:23 of 2nd period - Snap shot by Ryan Johansen.
15:23 of 2nd period - Stopped by Sergei Bobrovsky without a rebound.
15:24 of 2nd period - Ryan Johansen wins face-off versus Tyler Seguin in Kings zone.
15:31 of 2nd period - Wrist shot by Ryan Johansen.
15:31 of 2nd period - Stopped by Sergei Bobrovsky without a rebound.
15:32 of 2nd period - Alex Galchenyuk wins face-off versus Tyler Seguin in Kings zone.
15:39 of 2nd period - Minor Penalty to Adam McQuaid for Slashing.
15:40 of 2nd period - Charlie Coyle wins face-off versus Nick Bjugstad in Kings zone.
16:01 of 2nd period - Braydon Coburn is hit by Charlie Coyle and loses puck.
16:12 of 2nd period - Slapshot by Duncan Keith.
16:12 of 2nd period - Deflect By Alexander Semin.
16:12 of 2nd period - Stopped by Kevin Poulin with a rebound.
16:14 of 2nd period - Slapshot by Duncan Keith.
16:14 of 2nd period - Shot Blocked by Robert Bortuzzo.
16:35 of 2nd period - Braydon Coburn is hit by Brad Boyes and loses puck.
17:22 of 2nd period - Off-side.
17:23 of 2nd period - Nick Bjugstad wins face-off versus Charlie Coyle in neutral zone.
17:39 of 2nd period - Penalty to Adam McQuaid is over, Adam McQuaid is back on ice.
17:49 of 2nd period - Wrist shot by Milan Lucic.
17:49 of 2nd period - Shot Misses the Net.
17:55 of 2nd period - Adam McQuaid is hit by Alexander Semin and loses puck.
18:18 of 2nd period - Wrist shot by Calle Jarnkrok.
18:18 of 2nd period - Stopped by Sergei Bobrovsky without a rebound.
18:19 of 2nd period - Calle Jarnkrok wins face-off versus Jori Lehtera in Kings zone.
18:28 of 2nd period - Backhand shot by Duncan Keith.
18:28 of 2nd period - Stopped by Kevin Poulin with a rebound.
18:57 of 2nd period - Alexander Semin is hit by David Clarkson and loses puck.
19:22 of 2nd period - Slapshot by Brad Boyes.
19:22 of 2nd period - Shot Misses the Net.
19:24 of 2nd period - Backhand shot by Jakob Silfverberg.
19:24 of 2nd period - Stopped by Sergei Bobrovsky with a rebound.
19:26 of 2nd period - Snap shot by Brad Boyes.
19:26 of 2nd period - Shot Misses the Net.
19:28 of 2nd period - Slapshot by Jack Hillen.
19:28 of 2nd period - Stopped by Sergei Bobrovsky with a rebound.
19:34 of 2nd period - Minor Penalty to Adam McQuaid for Hooking.
19:35 of 2nd period - Charlie Coyle wins face-off versus Nick Bjugstad in Kings zone.
19:56 of 2nd period - Nick Bjugstad is hit by Brad Boyes.
19:59 of 2nd period - Off-side.
Goals for this period are 0 for Panthers vs 0 for Kings.
Shots for this period are 8 for Panthers vs 6 for Kings.

3rd period


0:01 of 3rd period - Nick Bjugstad wins face-off versus Alexander Semin in neutral zone.
0:03 of 3rd period - Duncan Keith is hit by Robert Bortuzzo and loses puck.
0:32 of 3rd period - Snap shot by Nick Bjugstad.
0:32 of 3rd period - Shot Blocked by Alexander Semin.
0:34 of 3rd period - Snap shot by Nick Bjugstad.
0:34 of 3rd period - Shot Blocked by Nino Niederreiter.
0:42 of 3rd period - Minor Penalty to Robert Bortuzzo for Hooking.
0:43 of 3rd period - Nick Bjugstad wins face-off versus Paul Byron in Panthers zone.
0:58 of 3rd period - Wrist shot by Alex Galchenyuk.
0:58 of 3rd period - Stopped by Sergei Bobrovsky without a rebound.
0:59 of 3rd period - Paul Byron wins face-off versus Tyler Seguin in Kings zone.
1:12 of 3rd period - Wrist shot by Paul Byron.
1:12 of 3rd period - Shot Blocked by Seth Jones.
1:14 of 3rd period - Minor Penalty to Eric Brewer for Tripping.
1:15 of 3rd period - Tyler Seguin wins face-off versus Paul Byron in Kings zone.
1:15 of 3rd period - Tyler Seguin is hit by Ron Hainsey.
1:34 of 3rd period - Penalty to Adam McQuaid is over, Adam McQuaid is back on ice.
1:46 of 3rd period - Snap shot by Tyler Seguin.
1:46 of 3rd period - Stopped by Kevin Poulin without a rebound.
1:47 of 3rd period - Paul Byron wins face-off versus Tyler Seguin in Panthers zone.
2:42 of 3rd period - Penalty to Robert Bortuzzo is over, Robert Bortuzzo is back on ice.
2:45 of 3rd period - Adam McQuaid is hit by Paul Byron and loses puck.
3:14 of 3rd period - Penalty to Eric Brewer is over, Eric Brewer is back on ice.
3:33 of 3rd period - Snap shot by Milan Lucic.
3:33 of 3rd period - Shot Misses the Net.
3:35 of 3rd period - Slapshot by Mika Zibanejad.
3:35 of 3rd period - Deflect By Milan Lucic.
3:35 of 3rd period - Shot Misses the Net.
3:35 of 3rd period - Puck is out of play.
3:36 of 3rd period - Jori Lehtera wins face-off versus Nino Niederreiter in Panthers zone.
3:49 of 3rd period - Off-side.
3:50 of 3rd period - Jori Lehtera wins face-off versus Ryan Johansen in neutral zone.
4:48 of 3rd period - Minor Penalty to Brenden Morrow for Interference.
4:49 of 3rd period - Nick Bjugstad wins face-off versus Charlie Coyle in Kings zone.
4:57 of 3rd period - Snap shot by Charlie Coyle.
4:57 of 3rd period - Goal by Charlie Coyle - Panthers : 2 - Kings : 3.
4:58 of 3rd period - Charlie Coyle wins face-off versus Nick Bjugstad in neutral zone.
5:15 of 3rd period - Slapshot by Nick Bjugstad.
5:15 of 3rd period - Shot Misses the Net.
6:05 of 3rd period - Robert Bortuzzo is hit by Mika Zibanejad and loses puck.
6:19 of 3rd period - Icing by Braydon Coburn.
6:20 of 3rd period - Ryan Johansen wins face-off versus Tyler Seguin in Kings zone.
6:32 of 3rd period - Snap shot by Ryan Johansen.
6:32 of 3rd period - Stopped by Sergei Bobrovsky with a rebound.
6:34 of 3rd period - Wrist shot by Ryan Johansen.
6:34 of 3rd period - Stopped by Sergei Bobrovsky with a rebound.
6:36 of 3rd period - Slapshot by Alex Galchenyuk.
6:36 of 3rd period - Shot Blocked by Duncan Keith.
6:38 of 3rd period - Snap shot by Ryan Johansen.
6:38 of 3rd period - Shot Misses the Net.
6:40 of 3rd period - Slapshot by Carlo Colaiacovo.
6:40 of 3rd period - Stopped by Sergei Bobrovsky with a rebound.
6:42 of 3rd period - Wrist shot by Alex Galchenyuk.
6:42 of 3rd period - Stopped by Sergei Bobrovsky with a rebound.
6:44 of 3rd period - Snap shot by Jack Hillen.
6:44 of 3rd period - Stopped by Sergei Bobrovsky without a rebound.
6:45 of 3rd period - Jori Lehtera wins face-off versus Kevin Hayes in Kings zone.
6:45 of 3rd period - Jori Lehtera is hit by Alexander Semin.
7:17 of 3rd period - Snap shot by Evgeny Kuznetsov.
7:17 of 3rd period - Shot Misses the Net.
7:45 of 3rd period - Nick Bjugstad is hit by Ryan Johansen and loses puck.
8:12 of 3rd period - Snap shot by Charlie Coyle.
8:12 of 3rd period - Stopped by Sergei Bobrovsky with a rebound.
8:30 of 3rd period - Minor Penalty to Braydon Coburn for Hooking.
8:31 of 3rd period - Nick Bjugstad wins face-off versus Alexander Semin in Kings zone.
9:56 of 3rd period - Brad Boyes is hit by Eric Brewer and loses puck.
10:22 of 3rd period - Seth Jones is hit by Alexander Semin and loses puck.
10:30 of 3rd period - Penalty to Braydon Coburn is over, Braydon Coburn is back on ice.
10:31 of 3rd period - Snap shot by Nino Niederreiter.
10:31 of 3rd period - Shot Misses the Net.
10:47 of 3rd period - Snap shot by Paul Byron.
10:47 of 3rd period - Shot Misses the Net.
10:49 of 3rd period - Snap shot by Paul Byron.
10:49 of 3rd period - Shot Misses the Net.
11:05 of 3rd period - Snap shot by Calle Jarnkrok.
11:05 of 3rd period - Shot Misses the Net.
12:42 of 3rd period - Simon Despres is hit by Adam McQuaid and loses puck.
12:53 of 3rd period - Snap shot by Duncan Keith.
12:53 of 3rd period - Shot Blocked by Ryan Johansen.
13:13 of 3rd period - Robert Bortuzzo is hit by Evgeny Kuznetsov and loses puck.
13:24 of 3rd period - Wrist shot by Kevin Hayes.
13:24 of 3rd period - Shot Misses the Net.
13:26 of 3rd period - Slapshot by Robert Bortuzzo.
13:26 of 3rd period - Stopped by Sergei Bobrovsky with a rebound.
13:32 of 3rd period - Minor Penalty to Jori Lehtera for Tripping.
13:33 of 3rd period - Mika Zibanejad wins face-off versus Brad Boyes in Kings zone.
13:33 of 3rd period - Mika Zibanejad is hit by Robert Bortuzzo.
13:42 of 3rd period - Off-side.
13:43 of 3rd period - Charlie Coyle wins face-off versus Mika Zibanejad in neutral zone.
14:05 of 3rd period - Nino Niederreiter is hit by Mika Zibanejad and loses puck.
14:15 of 3rd period - Slapshot by Robert Bortuzzo.
14:15 of 3rd period - Deflect By Nino Niederreiter.
14:15 of 3rd period - Shot Misses the Net.
14:15 of 3rd period - Puck is out of play.
14:16 of 3rd period - Mika Zibanejad wins face-off versus Alexander Semin in Kings zone.
14:52 of 3rd period - Wrist shot by Alexander Semin.
14:52 of 3rd period - Stopped by Sergei Bobrovsky without a rebound.
14:53 of 3rd period - Mika Zibanejad wins face-off versus Nino Niederreiter in Kings zone.
15:32 of 3rd period - Penalty to Jori Lehtera is over, Jori Lehtera is back on ice.
15:57 of 3rd period - Calle Jarnkrok is hit by David Clarkson and loses puck.
16:33 of 3rd period - Wrist shot by Mika Zibanejad.
16:33 of 3rd period - Shot Blocked by Alexander Semin.
16:39 of 3rd period - Mika Zibanejad is hit by Kevin Hayes and loses puck.
16:58 of 3rd period - Wrist shot by Nino Niederreiter.
16:58 of 3rd period - Stopped by Sergei Bobrovsky with a rebound.
17:28 of 3rd period - Tyler Seguin is hit by Brad Boyes and loses puck.
18:01 of 3rd period - Mikhail Grigorenko is hit by Ryan Johansen and loses puck.
18:46 of 3rd period - Eric Brewer is hit by Brad Boyes and loses puck.
19:09 of 3rd period - Panthers, Kevin Poulin is pulled from the net.
19:13 of 3rd period - Wrist shot by Ryan Johansen.
19:13 of 3rd period - Shot Blocked by Seth Jones.
19:19 of 3rd period - Wrist shot by Simon Despres.
19:19 of 3rd period - Shot Misses the Net.
19:23 of 3rd period - Wrist shot by Ryan Johansen.
19:23 of 3rd period - Stopped by Sergei Bobrovsky with a rebound.
19:51 of 3rd period - Slapshot by Nino Niederreiter.
19:51 of 3rd period - Shot Misses the Net.
Goals for this period are 1 for Panthers vs 0 for Kings.
Shots for this period are 12 for Panthers vs 1 for Kings.